 Dungeon Crawl Stone Soup version 0.30-a0-575-g6f4a10e2d2 (webtiles) character file.

Game seed: 13858172121138739962

29 Bnni the Grave Robber (level 3, -5/26 HPs)
             Began as a Demonspawn Necromancer on Dec 30, 2022.
             Killed from afar by an orc wizard (7 damage)
             ... with a puff of flame
             ... on level 2 of the Dungeon.
             The game lasted 00:02:37 (982 turns).

Bnni the Grave Robber (Demonspawn Necromancer)       Turns: 982, Time: 00:02:38

Health: -5/26      AC:  3    Str:  8 (10) XL:     3   Next: 1%
Magic:  2/6        EV: 12    Int: 15 (16) God:
Gold:   70         SH:  0    Dex: 10 (13) Spells: 5/6 levels left

rFire   . . .      SeeInvis .    (no weapon)
rCold   . . .      Faith    .    (no shield)
rNeg    . . .      Spirit   .    a - +0 robe
rPois   .          Reflect  .    (no helmet)
rElec   .          Harm     .    d - +0 cloak
rCorr   .          Rampage  .    (no gloves)
Will    .....                    (no boots)
Stlth   +                        (no amulet)
HPRegen 0.24/turn                (no ring)
MPRegen 0.10/turn                (no ring)

@: confused
A: claws 1, demonic guardian 1
a: no special abilities


You were on level 2 of the Dungeon.
You visited 1 branch of the dungeon, and saw 2 of its levels.

You collected 70 gold pieces.

Inventory:

Hand Weapons
 e - a +0 club
Armour
 a - a +0 robe (worn)
 d - a +0 cloak (worn)
Scrolls
 b - a scroll of vulnerability {unknown}
 c - a scroll of teleportation {unknown}
 g - a scroll of identify {unknown}


   Skills:
 + Level 1.0 Fighting
 - Level 1.7 Dodging
 - Level 1.7 Stealth
 * Level 0.9 Unarmed Combat
 + Level 2.2 Spellcasting
 * Level 4.8 Necromancy


You had 5 spell levels left.
You knew the following spells:

 Your Spells              Type           Power      Damage    Failure   Level
a - Necrotise             Necr           64%        1d7       3%          1

Your spell library contained the following spells:

 Spells                   Type           Power      Damage    Failure   Level
 Vampiric Draining        Necr           16%        2d7       9%          3
 Animate Dead             Necr           16%        N/A       28%         4
 Agony                    Necr           16%        N/A       63%         5


Dungeon Overview and Level Annotations

Branches:
Dungeon (2/15)

Altars:

Shops:
D:1 *


Innate Abilities, Weirdness & Mutations

You have sharp fingernails.
A weak demonic guardian rushes to your aid.


Message History

You scratch the orc wizard but do no damage.
The orc wizard is almost dead.
The orc wizard completely misses you.
Your orc skeleton hits the orc wizard but does no damage.
You bump into the rock wall.
The orc wizard hits you but does no damage.
Your orc skeleton hits the orc wizard but does no damage.
You closely miss the orc wizard.
The orc wizard is almost dead.
The orc wizard points at you and mumbles some strange words.
The magic dart hits you.
You're too confused to move!
The orc wizard points at you and mumbles some strange words.
You are more confused.
Your orc skeleton misses the orc wizard.
You're too confused to move!
The orc wizard gestures wildly while chanting.
The orc wizard flickers and vanishes!
Deactivating autopickup; reactivate with Ctrl-A.
Your orc skeleton misses something.
You bump into the rock wall.
You hear some strange, mumbled words.
A puff of flame appears from out of thin air!
The puff of flame hits you.
* * * LOW HITPOINT WARNING * * *
Your orc skeleton hits something but does no damage.
You bump into the rock wall.
You hear some strange, mumbled words.
A magic dart appears from out of thin air!
The magic dart hits you.
* * * LOW HITPOINT WARNING * * *
A demonic guardian appears!
Your orc skeleton misses something.
It was a potion of degeneration.
There was something very wrong with that liquid.
You feel weakened.
You feel dopey.
You feel clumsy.
Your orc skeleton crumbles into dust!
You hear some strange, mumbled words.
A puff of flame appears from out of thin air!
The puff of flame hits you!
You die...

..... #.## ###. #......##
[.... #.##... . #.####.#
.....##.##..########....#...
.....!..................#
...#.##.................# .
#.......###..####.......#
....##...#.# ##.## #.......#
...........###..# #....##+#
.....##.).5{@..## #...##
...........##### ....# ?
#..##....# .... ... #..##.#
.. #...##.. # #.#.##...
...#.##.... #. #.... .....


You could see a friendly white imp (summoned).

Vanquished Creatures
  An orc (D:2)
  2 endoplasms (D:1)
  3 hobgoblins (D:1)
  A quokka (D:1)
  3 ball pythons
  4 bats
  A frilled lizard (D:1)
  3 goblins
  A kobold (D:1)
  3 rats
22 creatures vanquished.

Vanquished Creatures (collateral kills)
  An orc (D:2)
  A ball python (D:2)
  A kobold (D:1)
  A rat (D:2)
4 creatures vanquished.

Grand Total: 26 creatures vanquished

Notes
Turn   | Place    | Note
-------+----------+-------------------------------------------
     0 | D:1      | Bnni the Demonspawn Necromancer began the quest for the
                  | Orb.
     0 | D:1      | Reached XP level 1. HP: 13/13 MP: 3/3
   111 | D:1      | Gained mutation: You have sharp fingernails. [demonic
                  | ancestry]
   111 | D:1      | Reached XP level 2. HP: 17/20 MP: 0/5
   118 | D:1      | HP: 1/20 [frozen (4)]
   276 | D:1      | Found a faded altar of an unknown god.
   659 | D:1      | Found Loedghad's General Store.
   944 | D:2      | Reached skill level 1 in Fighting
   969 | D:2      | Gained mutation: A weak demonic guardian rushes to your
                  | aid. [demonic ancestry]
   969 | D:2      | Reached XP level 3. HP: 15/26 MP: 1/6
   981 | D:2      | HP: 1/26 [something/magic dart (5)]
   982 | D:2      | Killed from afar by an orc wizard

Illustrated notes

Levels and vault maps discovered:
D:1:      kennysheep_arrival_forest, layout_rooms, serial_shops,
          nicolae_shop_advertising_works [nicolae_subvault_shop_adworks],
          shapermc_ecumenical_altar_totnotflames, kennysheep_crisscross
D:2:      layout_rooms, nrook_uturn

Skill      XL: |  1  2 |
---------------+-------+-----
Fighting       | 1 |  1.0
Dodging        | |  1.7
Stealth        | |  1.7
Unarmed Combat | |  0.9
Spellcasting   | |  2.2
Necromancy     | |  4.8

Action                   || total
-------------------------++-------
Melee: Club              ||    19
       Unarmed           ||    49
 Cast: Necrotise         ||    28
  Use: Potion            ||     2
 Stab: Distracted        ||     1
Armor: Robe              ||    15
Dodge: Dodged            ||    66

Table legend: (Time is in decaauts)
 A = Elapsed time spent in this place.
 B = Non-inter-level travel time spent in this place.
 C = Inter-level travel time spent in this place.
 D = Time resting spent in this place.
 E = Time spent auto-exploring this place.
 F = Levels seen in this place.
 G = Mean time per level.
                   A        B        C        D        E       F      G
               +--------+--------+--------+--------+--------+-----+--------+
         Total |    986 |    947 |     39 |     74 |    655 |   2 |  493.0 |
       Dungeon |    986 |    947 |     39 |     74 |    655 |   2 |  493.0 |
               +--------+--------+--------+--------+--------+-----+--------+

Top non-repeatable levels by time:
     D:1: 895 daAuts
     D:2: 90 daAuts
